 Dungeon Crawl Stone Soup version 0.25-a0-292-gaa31f046c4 (webtiles) character file.

Game seed: 17611299040679681601, levelgen mode: classic

352 Borgoz the Shield-Bearer (level 6, 0/39 HPs)
             Began as a Gargoyle Fighter on Dec 15, 2019.
             Slain by a gnoll
             ... wielding a +0 halberd
              (13 damage)
             ... on level 3 of the Dungeon.
             The game lasted 00:03:37 (1890 turns).

Borgoz the Shield-Bearer (Gargoyle Fighter)         Turns: 1890, Time: 00:03:38

Health: 0/39       AC: 12    Str: 20    XL:     6   Next: 62%
Magic:  6/6        EV:  8    Int:  9    God:
Gold:   86         SH:  9    Dex: 10    Spells: 5/5 levels left

rFire    . . .     SeeInvis +   a - +0 flail
rCold    . . .     Gourm    .   c - +0 shield
rNeg     + . .     Faith    .   b - +0 scale mail
rPois    ∞         Spirit   .   o - +0 helmet of Vlad {rPois rCorr}
rElec    +         Reflect  .   (no cloak)
rCorr    +         Harm     .   (no gloves)
MR       .....                  (no boots)
Stlth    ..........             (no amulet)
HPRegen  0.13/turn              h - ring of see invisible
MPRegen  0.10/turn              (no ring)

@: no status effects
A: negative energy resistance 1, electricity resistance, unbreathing,
petrification resistance, rot immunity, AC +4
a: no special abilities


You were on level 3 of the Dungeon.
You were not hungry.

You visited 1 branch of the dungeon, and saw 3 of its levels.

You collected 86 gold pieces.

Inventory:

Hand Weapons
 a - a +0 flail (weapon)
Armour
 b - a +0 scale mail (worn)
 c - a +0 shield (worn)
 o - the +0 helmet of Vlad (worn) {rPois rCorr}
   (You took it off Robin on level 2 of the Dungeon)

   It protects you from poison.
   It provides partial protection from all sources of acid and corrosion.
Jewellery
 h - a ring of see invisible (left hand)
Wands
 q - a wand of random effects (14)
Scrolls
 d - a scroll of amnesia {unknown}
 g - 2 scrolls of enchant weapon {unknown}
 i - 2 scrolls of remove curse {unknown}
 j - a scroll of enchant armour {unknown}
 k - 2 scrolls of magic mapping
 m - a scroll of fear {unknown}
 n - a scroll of immolation {unknown}
 p - a scroll of identify {unknown}
Potions
 e - a potion of agility
 r - a potion of heal wounds
 s - a potion of berserk rage {unknown}
Comestibles
 f - 6 rations
 l - 3 chunks of flesh


   Skills:
 + Level 4.3 Fighting
 * Level 4.2 Maces & Flails
 + Level 4.4 Armour
 + Level 1.8 Dodging
 + Level 4.4 Shields


You had 5 spell levels left.
You didn't know any spells.
Your spell library was empty.

Dungeon Overview and Level Annotations

Branches:
Dungeon (3/15)

Altars:
Hepliaklqana
Sif Muna


Innate Abilities, Weirdness & Mutations

You are resistant to torment.
Your stone body is resilient. (AC +4)
You are immune to poison.
You resist negative energy. (rN+)
You are resistant to electric shocks. (rElec)
You can survive without breathing.
You are immune to petrification.
You are immune to rotting.


Message History

The gnoll barely misses you.
The giant cockroach bites you but does no damage.
The gnoll hits you but does no damage. You block the gnoll's attack.
A hobgoblin comes into view. It is wielding a -3 club.
The hobgoblin shouts!
The gnoll hits you but does no damage. The giant cockroach barely misses you.
Okay, then.
You sock the gnoll!
You kill the gnoll!
You block the giant cockroach's attack.
You sock the giant cockroach!
You kill the giant cockroach!
The gnoll hits you with a +0 spear. You block the gnoll's attack.
You see here a giant cockroach corpse.
You sock the gnoll!
You kill the gnoll!
The gnoll hits you from afar with a +0 halberd!
You die...

#...##..##.# #...#
##.#####.##.######..## ##..#
#.........#..# ####..###
#...........## #....÷).#
#.......<.#.# # #.......#
##.########.#### #.......#
##.########.##..
#......g####....)........÷#
#......gg)@..#######.....).
#.......######*****###.####
#...........g.,,,,***#.#
#.......######***,,,,..#***
****#.......# ****##.#*,,
*,,.......### **********#.#*,*
*,........#*****,,,,,,,,,...,,,
*.........#,,,,,,,,,*****#.#,,*
*..........,**,,***,* *,,,**


You could see 2 gnolls and a hobgoblin.

Vanquished Creatures
  The ghost of Borgoz the Shield-Bearer, an amateur GrFi (D:3)
  An orc wizard (D:3)
  A worker ant (D:2)
  Robin (D:2)
  2 gnolls (D:3)
  8 adders
  2 dart slugs
  6 orcs (D:3)
  A ball python (D:2)
  6 bats
  6 giant cockroaches
  11 hobgoblins
  3 jackals (D:3)
  3 quokkas
  5 frilled lizards
  11 goblins (D:2)
  7 kobolds
  4 rats
79 creatures vanquished.

Notes
Turn   | Place    | Note
-------+----------+-------------------------------------------
     0 | D:1      | Borgoz the Gargoyle Fighter began the quest for the Orb.
     0 | D:1      | Reached XP level 1. HP: 14/14 MP: 1/1
    76 | D:1      | Reached XP level 2. HP: 19/19 MP: 2/2
   570 | D:2      | Found a hazy altar of Hepliaklqana.
   637 | D:2      | Reached XP level 3. HP: 23/23 MP: 3/3
   972 | D:2      | Reached XP level 4. HP: 25/29 MP: 4/4
   980 | D:2      | Found a shimmering blue altar of Sif Muna.
   989 | D:2      | Identified the +0 helmet of Vlad {rPois rCorr}
   989 | D:2      | Noticed Robin
   998 | D:2      | Killed Robin
   998 | D:2      | Reached skill level 1 in Dodging
  1298 | D:3      | Reached XP level 5. HP: 33/33 MP: 5/5
  1790 | D:3      | Found a runed translucent gate.
  1790 | D:3      | Found a runed translucent gate.
  1790 | D:3      | Found a runed translucent gate.
  1791 | D:3      | Noticed Borgoz's ghost (amateur GrFi)
  1802 | D:3      | Killed Borgoz's ghost
  1802 | D:3      | Reached XP level 6. HP: 34/38 MP: 6/6
  1890 | D:3      | Slain by a gnoll

Levels and vault maps discovered:
D:1:      dpeg_arrival_fog, layout_basic
D:2:      layout_loops_ring, nicolae_overflow_crystal_walls, led_sif_pool,
          kennysheep_generic_room_11, uniq_robin
D:3:      layout_rooms, ebering_ghost_rock_garden, feat_on_display

Skill      XL: |  1  2  3  4  5 |
---------------+----------------+-----
Maces & Flails | 3 4 |  4.2
Dodging        | 1 |  1.8
Shields        | 4 |  4.4
Fighting       | 4 |  4.3
Armour         | 4 |  4.4

Action                   |  1- 3 |  4- 6 || total
-------------------------+-------+-------++-------
Melee: Flail             |   117 |   219 ||   336
  Use: Potion            |       |     5 ||     5
       Scroll            |       |     1 ||     1
  Eat: Chunk             |       |     4 ||     4
Armor: Scale mail        |    88 |   141 ||   229
       Skin              |       |    17 ||    17
Dodge: Dodged            |    38 |   117 ||   155
Block: Shield            |    80 |   149 ||   229

Table legend:
 A = Non-vault XP
 B = Vault XP
 C = Vault XP percentage of total XP
 D = Non-vault monster count
 E = Vault monster count
 F = Vault count percentage of total count
                 A         B        C        D         E       F
            +---------+---------+-------+---------+---------+-------
      Total |     292 |     212 |  42.1 |      65 |      14 |  17.7
            +---------+---------+-------+---------+---------+-------
        D:1 |      31 |       0 |   0.0 |      19 |       0 |   0.0
        D:2 |      69 |      50 |  42.0 |      15 |      13 |  46.4
        D:3 |     192 |     162 |  45.8 |      31 |       1 |   3.1
            +---------+---------+-------+---------+---------+-------
